 Dungeon Crawl Stone Soup version 0.31-a0-198-g2ad674f65e (webtiles) character file.

Game seed: 13812600132069254675

26 sanka the Grave Robber (level 3, -1/26 HPs)
             Began as a Ghoul Necromancer on June 25, 2023.
             Slain by a kobold
             ... wielding a +0 club
              (2 damage)
             ... on level 2 of the Dungeon.
             The game lasted 00:02:26 (951 turns).

sanka the Grave Robber (Ghoul Necromancer)           Turns: 951, Time: 00:02:27

Health: -1/26      AC:  2    Str: 11    XL:     3   Next: 8%
Magic:  2/5        EV: 12    Int: 12    God:
Gold:   67         SH:  0    Dex:  9    Spells: 2/6 levels left

rFire   . . .        e - +0 spear
rCold   + . .        (no shield)
rNeg    + + +        a - +0 robe
rPois   ∞            (no helmet)
rElec   .            (no cloak)
rCorr   .            (no gloves)
SInv    .            (no boots)
Will    .....        (no amulet)
Stlth   ++           (no ring)
HPRegen 0.00/turn    (no ring)
MPRegen 0.09/turn

%: no passive effects
@: inhibited regen
A: claws 1, cold resistance 1, negative energy resistance 3, inhibited
regeneration, torment resistance 2, devour on kill
a: no special abilities


You were on level 2 of the Dungeon.
You visited 1 branch of the dungeon, and saw 2 of its levels.

You collected 67 gold pieces.


Innate Abilities, Weirdness & Mutations

You are immune to poison.
You have sharp fingernails.
Your flesh is cold resistant. (rC+)
You are immune to negative energy. (rN+++)
You do not regenerate when monsters are visible.
You are immune to unholy pain and torment.
You thrive by killing the living.


   Skills:
 - Level 1.7 Dodging
 - Level 2.1 Stealth
 - Level 2.0 Spellcasting
 + Level 4.8 Necromancy


You had 2 spell levels left.
You knew the following spells:

 Your Spells              Type           Power      Damage    Failure   Level
y - Necrotise             Necr           48%        1d6       3%          1
z - Vampiric Draining     Necr           12%        2d6       11%         3

Your spell library contained the following spells:

 Spells                   Type           Power      Damage    Failure   Level
 Sting                    Tmut/Pois      4%         1d3       26%         1
 Summon Small Mammal      Summ           4%         N/A       26%         1
 Poisonous Vapours        Pois/Air       2%         N/A       38%         2
 Animate Dead             Necr           12%        N/A       36%         4
 Call Canine Familiar     Summ           1%         N/A       63%         3
 Portal Projectile        Hex/Tloc       2%         N/A       63%         3
 Summon Guardian Golem    Hex/Summ       1%         N/A       63%         3
 Tukima's Dance           Hex            1%         N/A       63%         3
 Agony                    Necr           12%        N/A       71%         5
 Olgreb's Toxic Radiance  Pois           1%         N/A       95%         4
 Blade Hands              Tmut           Unusable   N/A       N/A         5

Inventory:

Hand Weapons
 e - a +0 spear (weapon)
Missiles
 f - 2 throwing nets {=f}
 j - 5 curare-tipped darts {=f}
Armour
 a - a +0 robe (worn)
Scrolls
 d - a scroll of vulnerability {unknown}
 h - a scroll of identify {unknown}
 i - a scroll of teleportation {unknown}
Potions
 b - a potion of magic
 c - a potion of haste {unknown}
 g - a potion of lignification {unknown}

Dungeon Overview and Level Annotations

Branches:
Dungeon (2/15)

Altars:

.....▒ .▒...▒▒▒▒
........▒
........▒▒
.........▒▒▒
...........▒
........▒▒.▒▒
........▒▒..▒▒▒▒▒▒
........▒▒▒...lKn▒
...>....▒▒▒...▒▒▒▒
............▒▒▒
▒.▒.....▒▒▒▒▒▒▒▒▒
....▒.....▒.....▒▒
.................▒▒
▒▒▒...............▒
▒...............▒
▒...............▒


You could see a kobold and a frilled lizard.


Message History

The giant cockroach attacks as you move away!
The giant cockroach barely misses you.
The giant cockroach attacks as you move away!
The giant cockroach closely misses you.
The giant cockroach bites you but does no damage.
You barely miss the giant cockroach. The giant cockroach closely misses you.
You closely miss the giant cockroach. The giant cockroach barely misses you.
The giant cockroach bites you but does no damage.
You barely miss the giant cockroach.
The giant cockroach bites you but does no damage.
You hit the giant cockroach.
The giant cockroach is almost dead.
The giant cockroach barely misses you.
You barely miss the giant cockroach.
The giant cockroach is almost dead.
The giant cockroach barely misses you.
You hit the giant cockroach.
You kill the giant cockroach!
The kobold barely resists.
The kobold barely misses you.
You barely miss the kobold. The kobold hits you with a +0 club.
* * * LOW HITPOINT WARNING * * *
You hit the kobold but do no damage. The kobold hits you with a +0 club.
* * * LOW HITPOINT WARNING * * *
The kobold hits you with a +0 club.
You die...

Action                     || total
---------------------------++-------
  Melee: Unarmed           ||    10
         Spear             ||    48
         Punch             ||     1
   Cast: Necrotise         ||    36
 Armour: Robe              ||    12
  Dodge: Dodged            ||    39

Levels and vault maps discovered:
D:1:      heliophobic_arrival_ceremonial_halls, layout_rooms
D:2:      layout_rooms, grunt_ministairs_5

Notes
Turn   | Place    | Note
-------+----------+-------------------------------------------
     0 | D:1      | sanka the Ghoul Necromancer began the quest for the Orb.
     0 | D:1      | Reached XP level 1. HP: 14/14 MP: 2/2
    41 | D:1      | Reached skill level 2 in Spellcasting
   181 | D:1      | Reached XP level 2. HP: 9/20 MP: 0/4
   841 | D:2      | Reached XP level 3. HP: 26/26 MP: 1/5
   887 | D:2      | Learned a level 3 spell: Vampiric Draining
   951 | D:2      | HP: 1/26 [kobold/+0 club (3)]
   951 | D:2      | Slain by a kobold

Vanquished Creatures
  A dart slug (D:1)
  4 endoplasms (D:1)
  A giant cockroach (D:2)
  3 goblins (D:1)
  2 hobgoblins
  2 quokkas (D:1)
  2 ball pythons (D:1)
  2 bats (D:1)
  A frilled lizard (D:1)
  2 kobolds (D:1)
  2 rats
22 creatures vanquished.
